 Dungeon Crawl Stone Soup version 0.27.0-1-g7a089689b8 (webtiles) character file.

Game seed: 14516315711059228100

56 SnakkuSnakku7 the Skirmisher (level 3, -2/39 HPs)
             Began as an Ogre Enchanter on Aug 13, 2021.
             Slain by Sigmund (4 damage)
             ... on level 2 of the Dungeon.
             The game lasted 00:01:47 (1055 turns).

SnakkuSnakku7 the Skirmisher (Ogre Enchanter)       Turns: 1055, Time: 00:01:47

Health: -2/39      AC:  3    Str: 13    XL:     3   Next: 95%
Magic:  15/15      EV:  9    Int: 16    God:
Gold:   56         SH:  0    Dex:  9    Spells: 5/6 levels left

rFire    . . .     SeeInvis .   a - +1 whip (elec)
rCold    . . .     Faith    .   (no shield)
rNeg     + . .     Spirit   .   b - +0 robe
rPois    .         Reflect  .   (helmet restricted)
rElec    .         Harm     .   (no cloak)
rCorr    .         Rampage  .   (gloves unavailable)
Will     .....                  (boots unavailable)
Stlth    ++........             (no amulet)
HPRegen  0.13/turn              c - ring of positive energy
MPRegen  0.14/turn              g - ring of magical power

@: no status effects
A: large, unfitting armour, tough skin 1
a: no special abilities


You were on level 2 of the Dungeon.
You visited 1 branch of the dungeon, and saw 2 of its levels.

You collected 56 gold pieces.

Inventory:

Hand Weapons
 a - a +1 whip of electrocution (weapon)
 e - a +1 dagger
 i - a +2 dagger of draining
Armour
 b - a +0 robe (worn)
Jewellery
 c - a ring of positive energy (left hand)
 g - a ring of magical power (right hand)
Scrolls
 f - a scroll of teleportation {unknown}
 k - a scroll of amnesia {unknown}
 l - 2 scrolls of identify {unknown}
Potions
 d - a potion of brilliance {unknown}
 h - 3 potions of ambrosia {unknown}
 j - a potion of cancellation {unknown}


   Skills:
 - Level 4.2 Fighting
 - Level 0.8 Short Blades
 + Level 0.8 Maces & Flails
 - Level 1.7 Dodging
 - Level 2.1 Stealth
 - Level 2.4 Spellcasting
 - Level 2.6 Hexes


You had 5 spell levels left.
You knew the following spells:

 Your Spells              Type           Power      Damage    Failure   Level
a - Corona                Hex            11%        N/A       7%          1

Your spell library contained the following spells:

 Spells                   Type           Power      Damage    Failure   Level
 Ensorcelled Hibernation  Hex/Ice        12%        N/A       17%         2
 Confusing Touch          Hex            10%        N/A       21%         3
 Tukima's Dance           Hex            10%        N/A       21%         3
 Dazzling Flash           Conj/Hex       12%        N/A       34%         3
 Conjure Flame            Conj/Fire      1%         6-21      52%         3
 Ignite Poison            Fire/Tmut/Pois 1%         N/A       52%         3
 Sticky Flame             Conj/Fire      1%         2d3       89%         4


Dungeon Overview and Level Annotations

Branches:
Dungeon (2/15)

Altars:

Annotations:
D:2 Sigmund


Innate Abilities, Weirdness & Mutations

You are too large for most types of armour.
You have tough skin. (AC +1)


Message History

You hit the jackal.
The jackal is lightly wounded.
The jackal bites you. x2
The jackal bites you but does no damage.
You hit the jackal.
The jackal is severely wounded.
The jackal misses you. The jackal barely misses you.
You closely miss the jackal.
The jackal is severely wounded.
The jackal bites you but does no damage.
The jackal barely misses you. The jackal bites you. x2
You hit the jackal.
You kill the jackal!
The jackal barely misses you.
You hit the jackal.
You kill the jackal!
No target in view!
No target in view!
You now have 56 gold pieces (gained 14).
Sigmund the Dreaded comes into view.
He is wielding a +1 scythe of flaming.
Sigmund is nearby!
Sigmund is nearby!
Sigmund is nearby!
You start resting.
HP restored.
Sigmund shouts!
Sigmund hits you with a +1 scythe of flaming!
Sigmund burns you.
You hit Sigmund.
Sigmund is lightly wounded.
Sigmund hits you with a +1 scythe of flaming!
Sigmund burns you.
* * * LOW HITPOINT WARNING * * *
You are too injured to fight recklessly!
You closely miss Sigmund.
Sigmund is lightly wounded.
Sigmund hits you with a +1 scythe of flaming!
* * * LOW HITPOINT WARNING * * *
Sigmund burns you.
You die...

.##+##### #........####
#........#...
#......††#...
#####.....†.#..<
.......####.....
#.######...............
#.....@#.###...........
######@#.#.............
........................
####....................
#.!..............###.
#.............#### #.
#....####.....# #.
......# #.....# #.
###...## #.....# ....
.......


You could see Sigmund.

Vanquished Creatures
  A gnoll (D:1)
  A worm (D:2)
  A dart slug (D:1)
  2 endoplasms
  4 goblins (D:1)
  3 hobgoblins (D:1)
  8 jackals
  2 quokkas
  3 ball pythons
  3 bats
  2 frilled lizards (D:1)
  3 kobolds (D:1)
  4 rats (D:1)
37 creatures vanquished.

Notes
Turn   | Place    | Note
-------+----------+-------------------------------------------
     0 | D:1      | SnakkuSnakku7 the Ogre Enchanter began the quest for the
                  | Orb.
     0 | D:1      | Reached XP level 1. HP: 16/16 MP: 3/3
    43 | D:1      | Reached skill level 1 in Fighting
    64 | D:1      | Reached skill level 2 in Fighting
    65 | D:1      | Reached XP level 2. HP: 20/28 MP: 5/5
   195 | D:1      | Reached skill level 3 in Fighting
   479 | D:1      | Found a faded altar of an unknown god.
   563 | D:1      | Reached XP level 3. HP: 34/37 MP: 6/6
   579 | D:1      | Reached skill level 4 in Fighting
   970 | D:2      | Noticed Sigmund
  1055 | D:2      | Slain by Sigmund

Illustrated notes

Levels and vault maps discovered:
D:1:      lemuel_arrival_rhombus, layout_rooms,
          hellmonk_ecumenical_altar_heavens_door
D:2:      layout_basic, uniq_sigmund

Skill      XL: |  1  2  3 |
---------------+----------+-----
Fighting       | 2 3 4 |  4.2
Short Blades   | |  0.8
Maces & Flails | |  0.8
Dodging        | |  1.7
Stealth        | |  2.1
Spellcasting   | |  2.4
Hexes          | |  2.6

Action                   || total
-------------------------++-------
Melee: Dagger            ||    94
       Whip              ||    17
 Stab: Sleeping          ||     1
Armor: Robe              ||    39
Dodge: Dodged            ||    52
